 Dungeon Crawl Stone Soup version 0.18-a0-816-g97f838e (webtiles) character file.

12556 cluie the Cleaver (level 11, -8/89 HPs)
             Began as a Demonspawn Artificer on Dec 15, 2015.
             Was a Priest of Pakellas.
             Mangled by a troll (10 damage)
             ... on level 11 of the Dungeon.
             The game lasted 00:25:50 (10381 turns).

cluie the Cleaver (Demonspawn Artificer)           Turns: 10381, Time: 00:25:51

Health: -8/89      AC: 15    Str: 12    XL:     11   Next: 64%
Magic:  16/17      EV: 18    Int: 15    God:    Pakellas [***...]
Gold:   96         SH:  0    Dex: 18    Spells: 0 memorised, 10 levels left

rFire  + . .     SeeInvis .     R - +3 broad axe (chop)
rCold  + . .     Clarity  .     H - +3 leather armour {rC+}
rNeg   . . .     SustAt   +     (no shield)
rPois  .         Gourm    .     (no helmet)
rElec  +         Spirit   .     I - +2 cloak
rCorr  .         Dismiss  .     O - +2 pair of gloves
rMut   .         Stasis   .     (no boots)
MR     +....                    (no amulet)
Stlth  +.........               x - +3 ring of dexterity
                                W - ring "Codauc" {SustAt rElec rF+ MR+}

@: confused, somewhat resistant to hostile enchantments, very unstealthy
A: claws 1, slimy green scales 2, demonic guardian 2, powered by death 1
a: Quick Charge, Device Surge, Renounce Religion


You were on level 11 of the Dungeon.
You worshipped Pakellas.
Pakellas was most pleased with you.
You were not hungry.

You visited 2 branches of the dungeon, and saw 12 of its levels.
You also visited: Ossuary.

You collected 907 gold pieces.
You spent 811 gold pieces at shops.

Inventory:

Hand Weapons
 Q - a +1 battleaxe of venom
 R - a +3 broad axe of chopping (weapon)
Armour
 H - a +3 leather armour of cold resistance (worn)
 I - a +2 cloak (worn)
 O - a +2 pair of gloves (worn)
Jewellery
 x - a +3 ring of dexterity (right hand)
 G - an uncursed ring of see invisible
 T - an uncursed ring of protection from cold
 W - the ring "Codauc" (left hand) {SustAt rElec rF+ MR+}
   (You bought it in a shop on level 11 of the Dungeon)

   [ring of sustain attributes]

   It sustains your strength, intelligence and dexterity.
   It protects you from fire.
   It insulates you from electricity.
   It affects your resistance to hostile enchantments.
Wands
 c - a wand of flame (6)
 d - a wand of enslavement (12)
 e - a wand of random effects (11)
 F - a wand of teleportation (6)
 L - a wand of random effects (12)
 P - a wand of cold (4)
Scrolls
 a - 2 scrolls of immolation
 g - 3 scrolls of enchant weapon
 k - 8 scrolls of remove curse
 u - 5 scrolls of amnesia
 A - 2 scrolls of teleportation
 N - 2 scrolls of enchant armour
 S - a scroll of magic mapping
Potions
 b - a potion of ambrosia
 i - a potion of cancellation
 j - 4 potions of resistance
 l - 7 potions of curing
 m - 2 potions of lignification
 n - a potion of flight
 o - a potion of might
 s - a potion of invisibility {unknown}
 t - a potion of agility {unknown}
 v - 2 potions of heal wounds {unknown}
 z - a potion of brilliance {unknown}
 C - a potion of beneficial mutation {unknown}
 M - a potion of haste {unknown}
Books
 q - a book of Clouds

   Spells                             Type                      Level
   a - Mephitic Cloud                 Conjuration/Poison/Air       3
   b - Conjure Flame                  Conjuration/Fire             3
   c - Poisonous Cloud                Conjuration/Poison/Air       6
   d - Freezing Cloud                 Conjuration/Ice/Air          6
   e - Ring of Flames                 Charms/Fire                  7
 E - a book of Summonings

   Spells                             Type                      Level
   a - Recall                         Summoning/Translocation      3
   b - Aura of Abjuration             Summoning                    5
   c - Shadow Creatures               Summoning                    5
   d - Summon Demon                   Summoning                    5
   e - Summon Forest                  Summoning/Translocation      5
   f - Summon Mana Viper              Hexes/Summoning              5
 J - a book of Cantrips

   Spells                             Type                      Level
   a - Corona                         Hexes                        1
   b - Animate Skeleton               Necromancy                   1
   c - Summon Small Mammal            Summoning                    1
   d - Apportation                    Translocation                1
Comestibles
 f - 12 bread rations
 r - 2 meat rations
 B - 10 beef jerkies
 D - 3 fruits
 V - a slice of pizza


   Skills:
 + Level 9.0 Fighting
   Level 0.8 Short Blades
 + Level 9.7 Axes
 + Level 3.2 Armour
 + Level 8.6 Dodging
 - Level 0.8 Stealth
 + Level 8.6 Evocations


You had 10 spell levels left.
You didn't know any spells.

Dungeon Overview and Level Annotations

Branches:
Dungeon (11/15)            Temple (1/1) D:7            Lair (0/8) D:9
    Orc: D:9-12

Altars:
Ashenzari
Cheibriados
Dithmenos
Elyvilon
Fedhas
Gozag
Kikubaaqudgha
Makhleb
Nemelex Xobeh
Okawaru
Pakellas
Qazlal
Ru
Sif Muna
Trog
Vehumet
Xom
Yredelemnul
Zin
The Shining One

Shops:
D:4 (   D:5 %   D:7 [   D:9 (   D:10 (   D:11 *


Innate Abilities, Weirdness & Mutations

You have sharp fingernails.
You are mostly covered in slimy green scales (AC +3).
A demonic guardian rushes to your aid.
You regenerate a little health from kills.


Message History

You are too injured to fight recklessly!
Unknown command.
You are too injured to fight recklessly!
You are too injured to fight recklessly!
Unknown command.
You are too injured to fight recklessly!
Unknown command.
Drink which item? (? for menu, Esc to quit)
You are confused.
You feel invigorated. The orc warrior misses you.
The orc warrior barely misses you. The troll closely misses you.
The troll barely misses you. The troll misses you.
Unknown command.
You bump into the stone wall.
The orc warrior hits you from afar with a trident!
* * * LOW HITPOINT WARNING * * *
The orc warrior barely misses you. The troll bites you!
* * * LOW HITPOINT WARNING * * *
The troll completely misses you. The troll claws you!
You die...

.######### ##[#####........
.........# ##...####.###.###
.#######.# #8...8##..# #.##. ..#
###.#### ##....(#######.#.. .##
#......# #.......#......##. .#
#.#....# #.8...8.########## .#
#......# #.......#.......## ##
#####.## #.).....#######.## ##
#.# #@8o..8$# #.## .## #.#
#oTo....#### #.#. ..## ##.#
#ooo....# .. #... ...## ##..#
#o8...8.# #. ##...
....####...#####.......#.#.##....
....'..........#.......#.........
....####.†.#####.......#.........
...## ##..# #.......###.###..)
..## ##.# #. ##.>


You could see a troll, 2 orc warriors, an orc priest, 2 orc wizards and 2 orcs.

Vanquished Creatures
  Maud (D:10)
  The ghost of cluie the Destroyer, a journeyman DsAE of Gozag (D:11)
  An unseen horror (D:10)
  An ugly thing (D:11)
  A gargoyle (D:10)
  A komodo dragon (D:9)
  2 trolls (D:11)
  Prince Ribbit (D:6)
  A two-headed ogre (D:11)
  A trapdoor spider zombie (D:9)
  A spriggan (D:7)
  A wyvern (D:11)
  2 hungry ghosts
  2 steam dragons
  2 hippogriffs (D:11)
  A black bear (D:10)
  A necrophage (D:9)
  2 sky beasts (D:9)
  2 eyes of draining
  2 phantoms
  3 ice beasts
  3 ogres
  5 orc warriors
  A big kobold (D:8)
  3 giant frogs
  5 centaurs
  A gnoll sergeant (D:8)
  An elf zombie (Ossuary)
  A wyvern zombie (D:8)
  3 scorpions
  11 wights
  7 hounds
  3 orc priests
  A crimson imp (D:5)
  2 centaur zombies (Ossuary)
  4 jellies
  4 human zombies (Ossuary)
  4 iguanas
  3 centaur skeletons
  3 giant frog skeletons
  9 worker ants
  6 orc wizards
  A big kobold zombie (Ossuary)
  2 hound zombies (Ossuary)
  A hound skeleton (D:5)
  3 mummies (Ossuary)
  7 adders
  12 gnolls
  A shadow imp (D:5)
  An ooze (D:5)
  6 adder zombies
  7 adder skeletons
  3 worms
  5 giant geckos
  42 orcs
  5 bats
  4 giant cockroaches
  3 goblins
  7 hobgoblins
  7 jackals
  12 kobolds
  A giant gecko skeleton (D:4)
  8 giant newts
  7 goblin zombies
  3 hobgoblin zombies (Ossuary)
  3 jackal zombies (Ossuary)
  4 kobold zombies (Ossuary)
  An orc zombie (Ossuary)
  2 quokkas
  2 quokka skeletons
  2 quokka zombies (D:5)
  10 rats
  2 rat zombies
284 creatures vanquished.

Vanquished Creatures (collateral kills)
  A hydra (D:11)
  An unseen horror (D:10)
  A hill giant (D:10)
  The ghost of xeno23 the Insei, a novice HuMo of Ru (D:7)
  2 deep elf magi
  A centaur skeleton (D:11)
  A kobold demonologist (D:11)
  An ice beast (D:6)
  A wight (D:6)
  A giant frog skeleton (D:5)
  An orc wizard (D:11)
  A giant gecko zombie (D:5)
  A jackal zombie (Ossuary)
14 creatures vanquished.

Vanquished Creatures (others)
  An orc wizard (D:3)
  A gnoll (D:4)
  6 plants (D:9)
8 creatures vanquished.

Grand Total: 306 creatures vanquished

Notes
Turn   | Place    | Note
--------------------------------------------------------------
     0 | D:1      | cluie the Demonspawn Artificer began the quest for the Orb.
     0 | D:1      | Reached XP level 1. HP: 15/15 MP: 3/3
   405 | D:1      | Gained mutation: You regenerate a little health from kills. [demonic ancestry]
   405 | D:1      | Reached XP level 2. HP: 21/21 MP: 4/4
   879 | D:2      | Found an iron altar of Okawaru.
  1031 | D:2      | Gained mutation: A weak demonic guardian rushes to your aid. [demonic ancestry]
  1031 | D:2      | Reached XP level 3. HP: 11/27 MP: 5/5
  1033 | D:2      | ahahahaha
  1033 | D:2      | fucking crawl though
  1145 | D:2      | Found a glowing golden altar of the Shining One.
  2063 | D:3      | Noticed an orc warrior
  2085 | D:3      | Reached XP level 4. HP: 24/34 MP: 6/6
  2111 | D:3      | Killed an orc warrior
  2111 | D:3      | Reached skill level 4 in Evocations
  2111 | D:3      | Gained mutation: You are partially covered in slimy green scales (AC +2). [demonic ancestry]
  2111 | D:3      | Reached XP level 5. HP: 39/41 MP: 6/8
  2428 | D:3      | Found a blossoming altar of Fedhas.
  2595 | D:3      | Found a shimmering altar of Xom.
  2805 | D:4      | Found a stormy altar of Qazlal.
  2903 | D:4      | HP: 2/41 [orc/short sword (4)]
  2907 | D:4      | Found a glowing silver altar of Zin.
  3174 | D:4      | Found a snail-covered altar of Cheibriados.
  3311 | D:4      | Got a crude war axe
  3312 | D:4      | haha fuck you crawl
  3312 | D:4      | Identified the +3 war axe of the Apocalypse {holy, rF- Int+8 Dex+2 Stlth+} (You found it on level 4 of the Dungeon)
  3333 | D:4      | Reached XP level 6. HP: 33/48 MP: 9/9
  3431 | D:4      | Found Ontipnir's Antique Weapon Boutique.
  3440 | D:4      | Bought a steaming war axe for 178 gold pieces
  3440 | D:4      | Identified the +8 war axe of Execution {drain, +Blink} (You bought it in a shop on level 4 of the Dungeon)
  3447 | D:4      | Reached skill level 5 in Evocations
  3685 | D:4      | Reached skill level 1 in Axes
  3725 | D:5      | Entered Level 5 of the Dungeon
  3799 | D:5      | Reached XP level 7. HP: 40/55 MP: 10/10
  3936 | D:5      | Found a sand-covered staircase.
  3945 | Ossuary  | Entered an ossuary
  4122 | Ossuary  | Reached skill level 5 in Fighting
  4151 | Ossuary  | Gained mutation: You are mostly covered in slimy green scales (AC +3). [demonic ancestry]
  4151 | Ossuary  | Reached XP level 8. HP: 57/62 MP: 12/12
  4254 | D:5      | Found Zedd's Food Emporium.
  4786 | D:5      | Found an ancient bone altar of Kikubaaqudgha.
  5066 | D:6      | Reached skill level 5 in Dodging
  5121 | D:6      | Reached skill level 5 in Axes
  5333 | D:6      | Noticed Prince Ribbit
  5338 | D:6      | Killed Prince Ribbit
  5462 | D:6      | Reached XP level 9. HP: 64/69 MP: 13/13
  5663 | D:7      | Reached skill level 6 in Fighting
  5785 | D:7      | Found a shadowy altar of Dithmenos.
  5826 | D:7      | Noticed xeno23's ghost (novice HuMo)
  5834 | D:7      | Killed xeno23's ghost
  5836 | D:7      | Found a staircase to the Ecumenical Temple.
  5861 | Temple   | Entered the Ecumenical Temple
  6169 | Temple   | Became a worshipper of Pakellas the Inventive
  6349 | D:7      | Found Soifu's Antique Armour Shop.
  6368 | D:7      | Bought a runed leather armour for 42 gold pieces
  6368 | D:7      | Bought a glowing cloak for 94 gold pieces
  6827 | D:8      | Reached skill level 7 in Axes
  6989 | D:8      | Reached * piety under Pakellas
  7263 | D:8      | Found a burning altar of Makhleb.
  7674 | D:9      | Found Pomaarch's Weapon Emporium.
  7680 | D:9      | Gained mutation: A demonic guardian rushes to your aid. [demonic ancestry]
  7680 | D:9      | Reached XP level 10. HP: 50/79 MP: 9/14
  7736 | D:9      | Found a sacrificial altar of Ru.
  7858 | D:7      | Bought a pair of embroidered gloves for 94 gold pieces
  7927 | D:9      | Reached ** piety under Pakellas
  7927 | D:9      | Received a gift from Pakellas
  8062 | D:9      | Found a deep blue altar of Sif Muna.
  8142 | D:9      | Reached skill level 8 in Axes
  8174 | D:9      | Found a staircase to the Lair.
  8330 | D:9      | Noticed a deep elf mage
  8337 | D:9      | Killed a deep elf mage
  8607 | D:10     | Entered Level 10 of the Dungeon
  8607 | D:10     | Noticed a hill giant
  8611 | D:10     | Killed a hill giant
  8667 | D:10     | Found Jifax's Antique Weapon Emporium.
  8679 | D:10     | Bought a runed battleaxe for 221 gold pieces
  8693 | D:10     | Noticed Maud
  8702 | D:10     | Killed Maud
  8702 | D:10     | Reached skill level 9 in Axes
  8739 | D:10     | Noticed an unseen horror
  8749 | D:10     | Killed an unseen horror
  8749 | D:10     | Gained mutation: You have sharp fingernails. [demonic ancestry]
  8749 | D:10     | Reached XP level 11. HP: 38/86 MP: 16/16
  8791 | D:10     | Reached skill level 1 in Armour
  9287 | D:10     | Noticed an unseen horror
  9292 | D:10     | Killed an unseen horror
  9444 | D:11     | Noticed a seven-headed hydra
  9450 | D:11     | Killed a seven-headed hydra
  9497 | D:11     | Found Caulejem's Assorted Antiques.
  9518 | D:11     | Bought a scroll of identify for 52 gold pieces
  9518 | D:11     | Bought a twitching marble ring for 130 gold pieces
  9518 | D:11     | Identified the ring "Codauc" {SustAt rElec rF+ MR+} (You bought it in a shop on level 11 of the Dungeon)
  9789 | D:11     | Reached *** piety under Pakellas
 10150 | D:11     | Noticed cluie's ghost (journeyman DsAE)
 10184 | D:11     | Killed cluie's ghost
 10235 | D:11     | Found a runed door.
 10381 | D:11     | HP: 2/89 [troll (17)]
 10381 | D:11     | Mangled by a troll

Vault maps used:
D:1:      scummos_arrival_hexagon
D:2:      marbit_many_paths, kennysheep_okawaru_gauntlet, first_bread
D:3:      lemuel_coloured_pillars_altar, nicolae_overflow_crystal_walls
D:4:      lemuel_round_altar, grunt_qazlal_sundering, old_standard_altar,
          serial_shops, shop
D:5:      kennysheep_mini, serial_shops, nicolae_shop_waterfront,
          enter_ossuary_4, serial_undead, serial_undead_a, serial_undead_d,
          serial_undead_e, serial_undead_c, minmay_stone_trees_medium,
          st_stairs_8
D:6:      uniq_prince_ribbit1
D:7:      grunt_dithmenos_shadows, minmay_temple_entry_statues, serial_shops,
          nicolae_shop_stone, the_bakery
D:8:      kennysheep_steamy, lightli_temple_of_fire
D:9:      hangedman_ru_absence, led_sif_pool, david_lair_shrubbed, serial_shops,
          shop, lightli_corner_chamber
D:10:     serial_shops, nicolae_shop_temple_entry_statues_fountains,
          evilmike_butchery, uniq_maud
D:11:     serial_shops, shop_coins, lightli_church_of_beogh
Temple:   hc_temple_tempest_star
Ossuary:  minmay_ossuary_two_tombs

Action                   |  1- 3 |  4- 6 |  7- 9 | 10-12 || total
-------------------------+-------+-------+-------+-------++-------
Melee: Short sword       |   167 |   190 |       |       ||   357
       War axe           |       |    33 |   344 |   207 ||   584
       Broad axe         |       |       |       |    52 ||    52
Invok: Quick Charge      |       |       |       |     2 ||     2
Evoke: Wand              |    10 |     5 |       |    10 ||    25
  Use: Scroll            |       |    15 |     4 |    10 ||    29
       Potion            |       |       |       |     1 ||     1
 Stab: Sleeping          |     3 |     2 |    15 |     1 ||    21
       Paralysed         |     4 |       |       |       ||     4
       Distracted        |       |       |     3 |     1 ||     4
  Eat: Chunk             |     3 |     7 |    12 |     5 ||    27
       Meat ration       |       |       |       |     1 ||     1
       Beef jerky        |       |       |       |     2 ||     2
       Fruit             |       |       |       |     1 ||     1
